TOP OF THE 1ST |
Birmingham Barons batting - Pitching for Louisville Bats : LHP George Moore
|
Pitching: LHP George Moore
|
|
Batting: SHB Tony Echevarría
|
0-0: Ball 1-0: Called Strike 1-1: Ball 2-1: Foul Ball, location: 2F 2-2: Strikes out swinging
|
Batting: RHB Juan Jiménez
|
0-0: Ball 1-0: Called Strike 1-1: Ground out 5-3 (Groundball, 56)
|
Batting: RHB Dave Dawson
|
0-0: Called Strike 0-1: Foul Ball, location: 2F 0-2: Strikes out looking
|
Top of the 1st over - 0 run(s), 0 hit(s), 0 error(s), 0 left on base; Birmingham 0 - Louisville 0 |
BOTTOM OF THE 1ST |
Louisville Bats batting - Pitching for Birmingham Barons : LHP Richard Simpson
|
Pitching: LHP Richard Simpson
|
|
Batting: LHB Ramón Morales
|
0-0: Ball 1-0: Ball 2-0: Foul Ball, location: 2F 2-1: Ball 3-1: Ball
|
Batting: RHB Dick Slagboom
|
0-0: Ball Throwing error on steal attempt, E2 Ramón Morales to third 1-0: Foul Ball, location: 2F 1-1: Ball 2-1: Swinging Strike 2-2: Strikes out swinging
|
Batting: RHB Jesús Cabrera
|
0-0: Ball 1-0: Fly out, F5 (Line Drive, 5S)
|
Batting: LHB Mike Callahan
|
0-0: Ball 1-0: Fly out, F3 (Popup, 3L)
|
Bottom of the 1st over - 0 run(s), 0 hit(s), 1 error(s), 1 left on base; Birmingham 0 - Louisville 0 |
TOP OF THE 2ND |
Birmingham Barons batting - Pitching for Louisville Bats : LHP George Moore
|
Batting: LHB Curt Walker
|
0-0: Ball 1-0: Swinging Strike 1-1: Ball 2-1: Ball 3-1: Base on Balls
|
Batting: RHB Warren Martin
|
0-0: Ball 1-0: SINGLE (Groundball, 34S) (infield hit) Curt Walker to second
|
Batting: RHB Peyton Yardley
|
0-0: Fly out, F9 (Flyball, 9S)
|
Batting: LHB José Rivera
|
0-0: Swinging Strike 0-1: Ball 1-1: Foul Ball, location: 2F 1-2: Ball 2-2: Strikes out swinging
|
Batting: LHB John Haney
|
0-0: Called Strike 0-1: Ball 1-1: Called Strike 1-2: Ball 2-2: Strikes out swinging
|
Top of the 2nd over - 0 run(s), 1 hit(s), 0 error(s), 2 left on base; Birmingham 0 - Louisville 0 |
BOTTOM OF THE 2ND |
Louisville Bats batting - Pitching for Birmingham Barons : LHP Richard Simpson
|
Batting: RHB Eric Thompson
|
0-0: Ball 1-0: Called Strike 1-1: Ball 2-1: Fly out, F8 (Line Drive, 8LS)
|
Batting: LHB Alex Henderson
|
0-0: Called Strike 0-1: Ground out 3-1 (Groundball, 34)
|
Batting: RHB John Denton
|
0-0: Ball 1-0: Swinging Strike 1-1: Foul Ball, location: 2F 1-2: Ball 2-2: Ball 3-2: Foul Ball, location: 2F 3-2: Ground out 6-3 (Groundball, 6)
|
Bottom of the 2nd over - 0 run(s), 0 hit(s), 0 error(s), 0 left on base; Birmingham 0 - Louisville 0 |
TOP OF THE 3RD |
Birmingham Barons batting - Pitching for Louisville Bats : LHP George Moore
|
Batting: RHB Vicente Elías
|
0-0: Foul Ball, location: 2F 0-1: Swinging Strike 0-2: Ball 1-2: Foul Ball, location: 2F 1-2: Strikes out looking
|
Batting: SHB Tony Echevarría
|
0-0: Ball 1-0: Ball 2-0: Ball 3-0: Base on Balls
|
Batting: RHB Juan Jiménez
|
0-0: Ball 1-0: Foul Ball, location: 2F 1-1: 2-RUN HOME RUN (Flyball, 7D), Distance : 366 ft
|
Batting: RHB Dave Dawson
|
0-0: Foul Ball, location: 2F 0-1: Swinging Strike 0-2: Ball 1-2: Ball 2-2: Strikes out looking
|
Batting: LHB Curt Walker
|
0-0: Ball 1-0: Swinging Strike 1-1: Fly out, F8 (Line Drive, 8LM)
|
Top of the 3rd over - 2 run(s), 1 hit(s), 0 error(s), 0 left on base; Birmingham 2 - Louisville 0 |
BOTTOM OF THE 3RD |
Louisville Bats batting - Pitching for Birmingham Barons : LHP Richard Simpson
|
Batting: LHB Jeff Forsyth
|
0-0: Foul Ball, location: 2F 0-1: Ball 1-1: Ball 2-1: Foul Ball, location: 2F 2-2: Ball 3-2: SINGLE (Groundball, 3D)
|
Batting: RHB Shawn Marshall
|
0-0: Foul Ball, location: 2F 0-1: Ground out 5-3 (Groundball, 5S) Jeff Forsyth to second
|
Pitching: RHP Ken Lyons
|
|
Batting: LHB Ramón Morales
|
0-0: Called Strike 0-1: Swinging Strike 0-2: Strikes out swinging
|
Batting: RHB Dick Slagboom
|
0-0: Ball 1-0: Ball 2-0: Ball 3-0: Called Strike 3-1: Base on Balls
|
Batting: RHB Jesús Cabrera
|
0-0: Ball 1-0: Ball 2-0: Called Strike 2-1: Fielders Choice at 2nd, 6-4 (Groundball, 6)
|
Bottom of the 3rd over - 0 run(s), 1 hit(s), 0 error(s), 1 left on base; Birmingham 2 - Louisville 0 |
TOP OF THE 4TH |
Birmingham Barons batting - Pitching for Louisville Bats : LHP George Moore
|
Batting: RHB Warren Martin
|
0-0: Fly out, F9 (Line Drive, 9LS)
|
Batting: RHB Peyton Yardley
|
0-0: Called Strike 0-1: Ball 1-1: Called Strike 1-2: Ball 2-2: Ball 3-2: Strikes out swinging
|
Batting: LHB José Rivera
|
0-0: Called Strike 0-1: Ball 1-1: Called Strike 1-2: Ball 2-2: Foul Ball, location: 2F 2-2: Strikes out swinging
|
Top of the 4th over - 0 run(s), 0 hit(s), 0 error(s), 0 left on base; Birmingham 2 - Louisville 0 |
BOTTOM OF THE 4TH |
Louisville Bats batting - Pitching for Birmingham Barons : RHP Ken Lyons
|
Batting: LHB Mike Callahan
|
0-0: Fly out, F3 (Line Drive, 3L)
|
Batting: RHB Eric Thompson
|
0-0: Called Strike 0-1: Ball 1-1: Ball 2-1: Foul Ball, location: 2F 2-2: Fly out, F9 (Flyball, 9D)
|
Batting: LHB Alex Henderson
|
0-0: Foul Ball, location: 2F 0-1: Swinging Strike 0-2: Fly out, F9 (Flyball, 9LSF)
|
Bottom of the 4th over - 0 run(s), 0 hit(s), 0 error(s), 0 left on base; Birmingham 2 - Louisville 0 |
TOP OF THE 5TH |
Birmingham Barons batting - Pitching for Louisville Bats : LHP George Moore
|
Batting: LHB John Haney
|
0-0: Ball 1-0: Ball 2-0: Foul Ball, location: 2F 2-1: Foul Ball, location: 2F 2-2: Ball 3-2: Base on Balls
|
Batting: RHB Vicente Elías
|
0-0: Ball 1-0: Fly out, F8 (Line Drive, 8RD)
|
Batting: SHB Tony Echevarría
|
0-0: Called Strike 0-1: Ball 1-1: Foul Ball, location: 2F 1-2: Ball 2-2: Ball 3-2: Strikes out looking
|
Batting: RHB Juan Jiménez
|
0-0: Called Strike 0-1: Ball Wild Pitch! John Haney to second 1-1: Swinging Strike 1-2: Foul Ball, location: 2F 1-2: Strikes out looking
|
Top of the 5th over - 0 run(s), 0 hit(s), 0 error(s), 1 left on base; Birmingham 2 - Louisville 0 |
BOTTOM OF THE 5TH |
Louisville Bats batting - Pitching for Birmingham Barons : RHP Ken Lyons
|
Batting: RHB John Denton
|
0-0: Foul Ball, location: 2F 0-1: Ball 1-1: Fly out, F9 (Flyball, 9)
|
Batting: LHB Jeff Forsyth
|
0-0: Foul Ball, location: 2F 0-1: Ball 1-1: Ball 2-1: Called Strike 2-2: Ball 3-2: SINGLE (Groundball, 34D)
|
Batting: RHB Shawn Marshall
|
0-0: Ball 1-0: Ball 2-0: Reached on error, E1 (Groundball, 13S) Jeff Forsyth to second
|
Batting: LHB Ramón Morales
|
0-0: Hit by Pitch Jeff Forsyth to third Shawn Marshall to second
|
Batting: RHB Dick Slagboom
|
0-0: Swinging Strike 0-1: Ball 1-1: Foul Ball, location: 2F 1-2: Foul Ball, location: 2F 1-2: Ball 2-2: Strikes out swinging
|
Pitching: RHP Félix Andrade
|
|
Batting: RHB Jesús Cabrera
|
0-0: Called Strike 0-1: Ball 1-1: GRAND SLAM HOME RUN (Flyball, 7D), Distance : 377 ft
|
Batting: LHB Mike Callahan
|
0-0: Fly out, F3 (Popup, 3)
|
Bottom of the 5th over - 4 run(s), 2 hit(s), 1 error(s), 0 left on base; Birmingham 2 - Louisville 4 |
TOP OF THE 6TH |
Birmingham Barons batting - Pitching for Louisville Bats : LHP George Moore
|
Pitching: RHP Tom McConnell
|
|
Batting: RHB Dave Dawson
|
0-0: Called Strike 0-1: Foul Ball, location: 2F 0-2: Ball 1-2: Ball 2-2: Ball 3-2: Foul Ball, location: 2F 3-2: Foul Ball, location: 2F 3-2: Foul Ball, location: 2F 3-2: Base on Balls
|
Batting: LHB Curt Walker
|
0-0: Called Strike 0-1: Swinging Strike 0-2: Foul Ball, location: 2F 0-2: Ball 1-2: Strikes out swinging
|
Batting: RHB Warren Martin
|
0-0: Ball 1-0: Fly out, F4 (Popup, 3D)
|
Batting: RHB Peyton Yardley
|
0-0: Foul Ball, location: 2F 0-1: Fly out, F4 (Line Drive, 4)
|
Top of the 6th over - 0 run(s), 0 hit(s), 0 error(s), 1 left on base; Birmingham 2 - Louisville 4 |
BOTTOM OF THE 6TH |
Louisville Bats batting - Pitching for Birmingham Barons : RHP Félix Andrade
|
Batting: RHB Eric Thompson
|
0-0: Ground out 6-3 (Groundball, 6MS)
|
Batting: LHB Alex Henderson
|
0-0: Ball 1-0: Fly out, F4 (Popup, 4D)
|
Batting: RHB John Denton
|
0-0: SOLO HOME RUN (Flyball, 7D), Distance : 389 ft
|
Batting: LHB Jeff Forsyth
|
0-0: Ball 1-0: Foul Ball, location: 2F 1-1: Called Strike 1-2: Strikes out swinging
|
Bottom of the 6th over - 1 run(s), 1 hit(s), 0 error(s), 0 left on base; Birmingham 2 - Louisville 5 |
TOP OF THE 7TH |
Birmingham Barons batting - Pitching for Louisville Bats : RHP Tom McConnell
|
Batting: LHB José Rivera
|
0-0: Foul Ball, location: 2F 0-1: Foul Ball, location: 2F 0-2: Foul Ball, location: 2F 0-2: Foul Ball, location: 2F 0-2: Fly out, F8 (Flyball, 8RM)
|
Batting: LHB John Haney
|
0-0: Ground out 5-3 (Groundball, 56)
|
Batting: RHB Vicente Elías
|
0-0: Ball 1-0: Called Strike 1-1: Foul Ball, location: 2F 1-2: Ball 2-2: Strikes out swinging
|
Top of the 7th over - 0 run(s), 0 hit(s), 0 error(s), 0 left on base; Birmingham 2 - Louisville 5 |
BOTTOM OF THE 7TH |
Louisville Bats batting - Pitching for Birmingham Barons : RHP Félix Andrade
|
Pitching: RHP Michael Young
|
|
Batting: RHB Shawn Marshall
|
0-0: Foul Ball, location: 2F 0-1: Ball 1-1: Swinging Strike 1-2: Ball 2-2: Ball 3-2: Ground out U3 (Groundball, 3)
|
Batting: LHB Ramón Morales
|
0-0: Called Strike 0-1: Foul Ball, location: 2F 0-2: Ball 1-2: Strikes out swinging
|
Batting: RHB Dick Slagboom
|
0-0: Ball 1-0: Foul Ball, location: 2F 1-1: Ball 2-1: Ball 3-1: Foul Ball, location: 2F 3-2: Base on Balls
|
Batting: RHB Jesús Cabrera
|
0-0: Called Strike 0-1: Ball 1-1: Ball 2-1: Ball 3-1: Base on Balls Dick Slagboom to second
|
Batting: LHB Mike Callahan
|
0-0: Ball 1-0: Called Strike 1-1: Ball 2-1: Swinging Strike 2-2: Ball 3-2: Foul Ball, location: 2F 3-2: Strikes out swinging
|
Bottom of the 7th over - 0 run(s), 0 hit(s), 0 error(s), 2 left on base; Birmingham 2 - Louisville 5 |
TOP OF THE 8TH |
Birmingham Barons batting - Pitching for Louisville Bats : RHP Tom McConnell
|
Batting: SHB Tony Echevarría
|
0-0: Foul Ball, location: 2F 0-1: Ball 1-1: Ball 2-1: Ball 3-1: DOUBLE (Line Drive, 89M)
|
Pitching: RHP Manny Canseco
|
|
Batting: RHB Juan Jiménez
|
0-0: Ball 1-0: Swinging Strike 1-1: Swinging Strike 1-2: Foul Ball, location: 2F 1-2: Strikes out swinging
|
Batting: RHB Dave Dawson
|
0-0: Swinging Strike 0-1: Fly out, F8 (Flyball, 8RS)
|
Pitching: LHP Denny Welch
|
|
Batting: LHB Curt Walker
|
0-0: Foul Ball, location: 2F 0-1: Foul Ball, location: 2F 0-2: SINGLE (Groundball, 4S) (infield hit) Tony Echevarría to third
|
Pitching: RHP John Thompson
|
|
Batting: RHB Warren Martin
|
0-0: Ball 1-0: Ground out 5-3 (Groundball, 56S)
|
Top of the 8th over - 0 run(s), 2 hit(s), 0 error(s), 2 left on base; Birmingham 2 - Louisville 5 |
BOTTOM OF THE 8TH |
Louisville Bats batting - Pitching for Birmingham Barons : RHP Michael Young
|
Batting: RHB Eric Thompson
|
0-0: Ground out U3 (Groundball, 34S)
|
Batting: LHB Alex Henderson
|
0-0: Swinging Strike 0-1: Ball 1-1: Ground out 6-3 (Groundball, 6MS)
|
Batting: RHB John Denton
|
0-0: Ball 1-0: DOUBLE (Line Drive, 9LS)
|
Batting: LHB Jeff Forsyth
|
0-0: Foul Ball, location: 2F 0-1: Fly out, F8 (Line Drive, 8LD)
|
Bottom of the 8th over - 0 run(s), 1 hit(s), 0 error(s), 1 left on base; Birmingham 2 - Louisville 5 |
TOP OF THE 9TH |
Birmingham Barons batting - Pitching for Louisville Bats : RHP John Thompson
|
Pitching: RHP Johnathan Phillips
|
|
Batting: RHB Peyton Yardley
|
0-0: Called Strike 0-1: Foul Ball, location: 2F 0-2: Strikes out swinging
|
Batting: LHB José Rivera
|
0-0: Ball 1-0: Ball 2-0: Called Strike 2-1: Foul Ball, location: 2F 2-2: Ball 3-2: Base on Balls
|
Batting: LHB John Haney
|
0-0: Ball 1-0: Foul Ball, location: 2F 1-1: Foul Ball, location: 2F 1-2: DOUBLE (Flyball, 89D) José Rivera to third
|
Pinch Hitting: RHB Carlos García
|
0-0: Foul Ball, location: 2F 0-1: Swinging Strike 0-2: Ball 1-2: Strikes out swinging
|
Pinch Hitting: RHB Eric Johnson
|
0-0: Called Strike 0-1: Ball 1-1: Ball 2-1: Swinging Strike 2-2: Foul Ball, location: 2F 2-2: Strikes out swinging
|
Top of the 9th over - 0 run(s), 1 hit(s), 0 error(s), 2 left on base; Birmingham 2 - Louisville 5 |
|